[Event "Early-Titled-Tuesday-Blitz-January-30-2024"]
[Site "Chess.com"]
[Date "2024.01.30"]
[Round "5"]
[White "secrethawk1"]
[Black "kai_nov"]
[Result "1-0"]
[WhiteElo "2462"]
[BlackElo "2270"]
[TimeControl "180+1"]
[EndTime "8:58:17 PST"]
[Termination "secrethawk1 won by resignation"]

1. e4 c5 2. Nf3 Nc6 3. d4 cxd4 4. Nxd4 e5 5. Nb5 a6 6. Nd6+ Bxd6 7. Qxd6 Qe7 8. Qxe7+ Ngxe7 9. Nc3 d5 10. exd5 Nb4 11.
Kd1 Nexd5 12. Nxd5 Nxd5 13. c3 O-O 14. Bd3 Rd8 15.
Kc2 Be6 16. Re1 Rac8 17. a3 f6 18. f4 Bf7 19. fxe5 fxe5 20. Rxe5 Nf6 21. h3 Re8 22.
Bf4 Rxe5 23. Bxe5 Nd5 24. Bd4 Re8 25. Kd2 Nf4 26. Bf1 Bd5 27. g3 Ne6 28. Be3 Rd8 29. Ke1 Be4 30. Rd1 Rxd1+ 31. Kxd1 Nc7 32. Bc4+ Bd5 33. Bd3 Kf7 34. Kd2 Be6 35. h4 Nd5 36.
Bd4 Nf6 37. Ke2 h6 38. Kf2 g5 39. Be2 Bd5 40. hxg5 hxg5 41. g4 Ne4+ 42. Ke3 Ng3 43. Bd3 Be6 44. Kf3 Nh1 45. Be4 Bxg4+ 46. Kxg4 1-0

[Event "Early-Titled-Tuesday-Blitz-January-30-2024"]
[Site "Chess.com"]
[Date "2024.01.30"]
[Round "5"]
[White "xhembulla"]
[Black "adotand"]
[Result "0-1"]
[WhiteElo "2636"]
[BlackElo "2840"]
[TimeControl "180+1"]
[EndTime "8:58:18 PST"]
[Termination "adotand won on time"]

1. e4 c5 2. c3 d5 3. exd5 Qxd5 4. Nf3 g6 5. d4 Bg7 6. Na3 Nf6 7. Nb5 Na6 8. Be2 O-O 9. O-O cxd4 10. Qxd4 Qh5 11.
Qf4 Bg4 12. Nbd4 Rfe8 13. Qg5 e5 14. Qxh5 Nxh5 15. Nb5 Re7 16. h3 Bd7 17. Be3 e4 18. Nd2 f5 19. Bg5 Bf6 20. Bxf6 Nxf6 21. Nb3 f4 22.
Rfe1 g5 23. Rad1 Kg7 24. Nd6 Be6 25. Bxa6 bxa6 26. Nc5 Kg6 27. Ndxe4 Bxa2 28. Rd6 Rf8 29. Ra1 Bc4 30. b3 Be2 31. Ra2 f3 32. gxf3 Bxf3 33. Nxf6 Rxf6 34. Rxf6+ Kxf6 35. Rxa6+ Kf5 36. Kh2 h5 37. Kg3 Bd5 38. c4 h4+ 39. Kh2 Bf3 40. Ra5 Kg6 41. Ra6+ Kf7 42. Nd3 Be2 43. Rd6 Bf3 44. c5 Re6 45. Rd4 Ke7 46. b4 Re2 47. b5 Rd2 48. c6 Rd1 0-1

[Event "Early-Titled-Tuesday-Blitz-January-30-2024"]
[Site "Chess.com"]
[Date "2024.01.30"]
[Round "5"]
[White "vlad10898"]
[Black "gm_rashid"]
[Result "1-0"]
[WhiteElo "2813"]
[BlackElo "2535"]
[TimeControl "180+1"]
[EndTime "8:58:18 PST"]
[Termination "vlad10898 won by checkmate"]

1. Nf3 d5 2. e3 Nf6 3. c4 g6 4. cxd5 Nxd5 5. Nc3 Bg7 6. h4 h5 7. Qb3 Nxc3 8. bxc3 O-O 9. d4 c5 10. Bd3 Nc6 11. Ng5 Na5 12. Qa3 cxd4 13. cxd4 e5 14. dxe5 Bxe5 15. Rb1 b6 16. O-O Bb7 17. Bb2 Bxb2 18.
Rxb2 Rc8 19. Rc2 Rxc2 20. Bxc2 Qc8 21. Bd1 Rd8 22. Qb2 Rd6 23. Qe5 Qd8 24. Bf3 Qf6 25. Qe8+ Kg7 26. Bxb7 Nxb7 27. Ne4 Qd8 28. Nxd6 Qxd6 29.
Qe4 Nc5 30. Qd4+ Qf6 31. Rd1 Qxd4 32. Rxd4 Kf6 33. f3 Ke5 34. Kf2 f6 35. g4 hxg4 36.
Rxg4 Kf5 37. Rd4 Ke5 38. f4+ Kf5 39. Kf3 a5 40. Rd6 Na4 41. e4# 1-0

[Event "Early-Titled-Tuesday-Blitz-January-30-2024"]
[Site "Chess.com"]
[Date "2024.01.30"]
[Round "5"]
[White "Licancabur"]
[Black "ProChessWICTH"]
[Result "0-1"]
[WhiteElo "2430"]
[BlackElo "2544"]
[TimeControl "180+1"]
[EndTime "8:58:18 PST"]
[Termination "ProChessWICTH won on time"]

1. d4 Nf6 2. Bg5 Ne4 3. Bf4 d5 4. f3 Nf6 5. e4 dxe4 6. Nc3 exf3 7. Nxf3 Bf5 8. Bd3 Bxd3 9. Qxd3 c6 10. O-O-O e6 11.
Rhf1 Bd6 12. Ne5 Bxe5 13. Bxe5 Nbd7 14. Bd6 Qa5 15. Kb1 O-O-O 16. h3 Rhe8 17. g4 h6 18. Qg3 Nf8 19. Be5 N8h7 20. h4 Rd7 21. a3 Qd8 22. Na4 b6 23. g5 hxg5 24. hxg5 Nd5 25. Qd3 Nxg5 26. Qa6+ Rb7 27. c4 Nc7 28. Bxc7 Qxc7 29. c5 b5 30. Nc3 Kb8 31. Rg1 f6 32. Rxg5 fxg5 33. Ne4 Rd8 34. Nd6 Rxd6 35. cxd6 Qxd6 36. Rf1 Rd7 37. Qa5 Rd8 38. Qc3 Qxd4 39. Qxc6 Qd3+ 40. Ka2 Qxf1 41. Qxe6 Qc4+ 42. Qxc4 bxc4 0-1

[Event "Early-Titled-Tuesday-Blitz-January-30-2024"]
[Site "Chess.com"]
[Date "2024.01.30"]
[Round "5"]
[White "Doublekk14"]
[Black "atalz0"]
[Result "0-1"]
[WhiteElo "2257"]
[BlackElo "2472"]
[TimeControl "180+1"]
[EndTime "8:58:18 PST"]
[Termination "atalz0 won on time"]

1. c4 e6 2. e4 d5 3. exd5 exd5 4. d4 Nf6 5. Nf3 Bb4+ 6. Nc3 O-O 7. Be2 dxc4 8. O-O Bxc3 9. bxc3 b5 10. a4 c6 11. Ne5 Nd5 12. Qd2 f6 13. Nf3 Be6 14.
Ba3 Re8 15. Rfe1 Nd7 16. axb5 cxb5 17. Reb1 a6 18. Bd6 N7b6 19. Bg3 Na4 20. Ra3 Bf5 21. Rc1 Qe7 22. Bxc4 Be6 23. Raa1 Rac8 24. Bxd5 Bxd5 25. Ne1 Qe2 26. Bf4 Qg4 27. f3 Rxe1+ 28. Rxe1 Bxf3 29.
Bg3 Bd5 30. Re3 Qg5 31. Rae1 h5 32. Re8+ Rxe8 33. Rxe8+ Kf7 34. Qxg5 fxg5 35. Rc8 h4 36. Be5 Bc4 37. Rc7+ Ke6 38. Ra7 Nxc3 39. Rxa6+ Kd5 40.
Rd6+ Ke4 41. Rb6 Ne2+ 42. Kf2 Nxd4 43. Bxd4 Kxd4 44. Kf3 Kc5 45. Rb7 Bd5+ 0-1

[Event "Early-Titled-Tuesday-Blitz-January-30-2024"]
[Site "Chess.com"]
[Date "2024.01.30"]
[Round "5"]
[White "GP9isback23"]
[Black "garfield_pg"]
[Result "1-0"]
[WhiteElo "2639"]
[BlackElo "2458"]
[TimeControl "180+1"]
[EndTime "8:58:19 PST"]
[Termination "GP9isback23 won on time"]

1. Nf3 d5 2. g3 Nc6 3. d4 Bf5 4. Bg2 e6 5. O-O h6 6. b3 Nf6 7. Bb2 Nb4 8. Na3 Be7 9. c3 Nc6 10. c4 O-O 11. Rc1 Nb4 12. Ra1 c6 13. Ne5 Nd7 14. Nd3 Qa5 15. Nc2 dxc4 16. bxc4 Nxd3 17. exd3 Rac8 18. Ne3 Bh7 19. Qc2 Bf6 20. Bc3 Qc7 21. Rab1 Rfd8 22. Rfd1 b6 23. Qb2 c5 24. d5 Bxc3 25.
Qxc3 e5 26. Bh3 Re8 27. Re1 Rcd8 28. a4 Nf8 29. a5 Rd6 30. axb6 axb6 31. Ra1 g6 32. Ng4 f6 33. Nxh6+ Kg7 34. Ng4 Rd7 35.
Ne3 Rde7 36. Bg2 Kg8 37. Reb1 f5 38. Ra6 Nd7 39. Rba1 g5 40. Ra7 Qd6 41. Ra8 f4 42.
Nf1 Kg7 43. Nd2 Kh6 44. R8a7 Nf6 45. R7a6 g4 46. Ne4 1-0

[Event "Early-Titled-Tuesday-Blitz-January-30-2024"]
[Site "Chess.com"]
[Date "2024.01.30"]
[Round "5"]
[White "MikaelyanArman"]
[Black "rasmussvane"]
[Result "1/2-1/2"]
[WhiteElo "2840"]
[BlackElo "2971"]
[TimeControl "180+1"]
[EndTime "8:58:20 PST"]
[Termination "Game drawn by repetition"]

1. d4 d5 2. c4 e6 3. Nf3 a6 4. cxd5 exd5 5. Nc3 Nf6 6. Bg5 Be6 7. e3 Nbd7 8. Bd3 Bd6 9. O-O c6 10. Bf4 Qc7 11. Qd2 O-O 12. h3 g6 13. Bxd6 Qxd6 14.
Rab1 Qe7 15. b4 Ne8 16. Na4 Nd6 17. Nc5 Nb6 18. a4 Bf5 19. Bxf5 Nxf5 20. Rfe1 Nd6 21.
Qc2 Rfe8 22. Ne5 f6 23. Ned3 Nbc4 24. Rbd1 Qf7 25. Nf4 Re7 26. Nb3 Rae8 27. Nd2 Nxd2 28. Qxd2 g5 29. Nd3 h5 30. Qe2 Qg6 31. Qf3 Kg7 32.
Nc5 f5 33. Nd3 Nc4 34. b5 h4 35. bxc6 bxc6 36. Qe2 f4 37. Qf3 fxe3 38. fxe3 Rxe3 39. Rxe3 Rxe3 40. Qf1 g4 41. Nf4 Qg5 42. hxg4 Qxg4 43. Rb1 Kh6 44. Rb8 Nd2 45. Rh8+ Kg7 46. Nh5+ Kxh8 47.
Qf8+ Qg8 48. Qh6+ Qh7 49. Qf8+ Qg8 50. Qh6+ Qh7 51. Qf8+ Qg8 1/2-1/2

[Event "Early-Titled-Tuesday-Blitz-January-30-2024"]
[Site "Chess.com"]
[Date "2024.01.30"]
[Round "5"]
[White "brm72"]
[Black "Binary010"]
[Result "0-1"]
[WhiteElo "2684"]
[BlackElo "2912"]
[TimeControl "180+1"]
[EndTime "8:58:21 PST"]
[Termination "Binary010 won by resignation"]

1. e4 c5 2. Nf3 d6 3. d4 cxd4 4. Nxd4 Nf6 5. Nc3 a6 6. f3 e5 7. Nb3 Be6 8. Be3 Be7 9. Qd2 O-O 10. O-O-O Nbd7 11. g4 b5 12. g5 Nh5 13. Kb1 Nb6 14. Nd5 Nxd5 15. exd5 Bf5 16. Na5 f6 17.
Nc6 Qd7 18. h4 Rae8 19. Rg1 Bd8 20. Bd3 Bxd3 21. Qxd3 fxg5 22. Bxg5 Bb6 23. Rg4 Kh8 24. a4 Qf7 25. axb5 axb5 26. Rf1 Ra8 27. Qxb5 Bc5 28.
Qd3 Qb7 29. Bc1 Ra6 30. c4 Rfa8 31. f4 Ra3 32. Qd1 Nf6 33. Rg2 Ne4 34. fxe5 Nc3+ 35. Kc2 Qb3+ 36. Kd2 Nxd1 37. Rxd1 Be3+ 38. Ke2 Bxc1 39.
exd6 Qxb2+ 40. Kf1 Rf8+ 41. Kg1 Qf6 42. d7 Be3+ 43.
Kh1 Qxh4+ 44. Rh2 Qe4+ 45. Rg2 Qh4+ 46. Rh2 Qe4+ 47. Rg2 Bg5 48. Kh2 Qh4+ 49. Kg1 Be3+ 0-1

[Event "Early-Titled-Tuesday-Blitz-January-30-2024"]
[Site "Chess.com"]
[Date "2024.01.30"]
[Round "5"]
[White "jk13"]
[Black "GMBenjaminBok"]
[Result "1-0"]
[WhiteElo "2711"]
[BlackElo "2929"]
[TimeControl "180+1"]
[EndTime "8:58:23 PST"]
[Termination "jk13 won by resignation"]

1. e4 c5 2. c3 Nf6 3. e5 Nd5 4. Bc4 Nb6 5. Bb3 Nc6 6. Nf3 d5 7. exd6 Qxd6 8. Qe2 Bf5 9. Ng5 e6 10. Ne4 Qe5 11. d3 c4 12. Bc2 cxd3 13. Bxd3 O-O-O 14.
Bc2 Nd5 15. O-O Nf6 16. f4 Qc7 17. Nxf6 Bxc2 18. Qxc2 Bc5+ 19. Kh1 gxf6 20. Nd2 f5 21. Nf3 Ne7 22. Qe2 Nd5 23. Ne5 h5 24. Bd2 h4 25. h3 Nf6 26. Be1 Ne4 27. Rd1 Bd6 28.
Rd4 Bxe5 29. Rc4 Kb8 30. Rxc7 Bxc7 31. Kh2 a6 32. c4 Rd7 33. b4 f6 34. c5 Rg7 35. c6 e5 36. cxb7 exf4 37. Kh1 Kxb7 38.
Qc4 Rhg8 39. Qd5+ Kb8 40. Qxf5 Nd6 41. Qd5 Rg5 42. Qc6 Nf5 43. Qf3 Ne3 44. Rg1 R5g6 45.
Bxh4 Nf5 46. Bf2 Kc8 47. Qa8+ Kd7 48. Qd5+ Nd6 49. Bc5 Rg5 50. Qd3 Rxg2 51. Rxg2 1-0

[Event "Early-Titled-Tuesday-Blitz-January-30-2024"]
[Site "Chess.com"]
[Date "2024.01.30"]
[Round "5"]
[White "FM_VS99"]
[Black "DonJuanEGenaro"]
[Result "1-0"]
[WhiteElo "2554"]
[BlackElo "2005"]
[TimeControl "180+1"]
[EndTime "8:58:23 PST"]
[Termination "FM_VS99 won on time"]

1. Nf3 d5 2. g3 Nf6 3. Bg2 c6 4. c4 e6 5. O-O a5 6. d4 Nbd7 7. Qc2 Bd6 8. Nbd2 O-O 9. e4 dxe4 10. Nxe4 Nxe4 11. Qxe4 Nf6 12. Qe2 c5 13. Rd1 Qb6 14. Bg5 Nd7 15. a4 h6 16. Be3 Nf6 17. h3 Bd7 18. Ne5 Be8 19. Qf3 Bxe5 20. dxe5 Nd7 21. Qxb7 Qxb7 22. Bxb7 Rb8 23. Ba6 Rxb2 24. Rdb1 Rxb1+ 25.
Rxb1 f6 26. exf6 Rxf6 27. f4 e5 28. Bb5 exf4 29. Bxf4 Re6 30. Bc7 Ne5 31. Bxa5 Bg6 32. Rc1 Nd3 33. Rf1 Re2 34. Bc6 Ne5 35. Bd5+ Kh7 36. Bc7 Nd3 37. a5 Nb4 38. Rf8 Be4 39. Bxe4+ Rxe4 40. Ra8 Rxc4 41. a6 1-0

[Event "Early-Titled-Tuesday-Blitz-January-30-2024"]
[Site "Chess.com"]
[Date "2024.01.30"]
[Round "5"]
[White "Laico"]
[Black "Glidzhian_Gor"]
[Result "1-0"]
[WhiteElo "2364"]
[BlackElo "2566"]
[TimeControl "180+1"]
[EndTime "8:58:23 PST"]
[Termination "Laico won by checkmate"]

1. e4 c5 2. Nc3 Nc6 3. f4 g6 4. Nf3 Bg7 5. Bb5 Nd4 6. O-O Nxb5 7. Nxb5 Nf6 8. d3 O-O 9. Nc3 d6 10. Qe1 Bg4 11. Qh4 c4 12. f5 gxf5 13. Bh6 e6 14. Bxg7 Kxg7 15. Ng5 h6 16. h3 Bh5 17. exf5 exf5 18. Nf3 Bg6 19. Qxc4 Qb6+ 20. Qd4 Qxd4+ 21. Nxd4 a6 22. Nxf5+ Kh7 23. Nxd6 Nd7 24. Nce4 Kg7 25. b3 b5 26. Nf5+ Kh7 27. Rae1 Rae8 28. Nfd6 Re6 29. Nf5 Rc8 30. c4 Rcc6 31. Nd4 bxc4 32. Nxc6 cxd3 33.
Nd4 Rxe4 34. Rxe4 Bxe4 35. Rxf7+ Kg6 36. Rxd7 d2 37. Nf3 Bd3 38. Rxd3 Kf5 39. Rxd2 Kf4 40. Kf2 h5 41. Rd4+ Kf5 42. Ra4 a5 43. Rxa5+ Kf4 44. Ra4+ Kf5 45. Rh4 Kg6 46. g4 hxg4 47. Rxg4+ Kf6 48.
b4 Ke6 49. a4 Kf5 50. Ke3 Ke6 51. Ke4 Kd7 52. a5 Kc7 53. Rg6 Kb7 54. Kd5 Kc7 55.
b5 Kb7 56. a6+ Kc8 57. Kc6 Kb8 58. b6 Ka8 59. Rg8# 1-0

[Event "Early-Titled-Tuesday-Blitz-January-30-2024"]
[Site "Chess.com"]
[Date "2024.01.30"]
[Round "5"]
[White "jaskol95"]
[Black "IngOscarArdila"]
[Result "1-0"]
[WhiteElo "2535"]
[BlackElo "2322"]
[TimeControl "180+1"]
[EndTime "8:58:23 PST"]
[Termination "jaskol95 won by resignation"]

1. e4 e5 2. Nf3 Nf6 3. Nc3 Nc6 4.
Bc4 Bb4 5. Nd5 Ba5 6. O-O d6 7. d3 Nxd5 8. exd5 Ne7 9. d4 exd4 10. Qxd4 O-O 11. Bd3 Bb6 12. Qh4 Ng6 13. Qh5 f5 14. Ng5 h6 15. Qxg6 hxg5 16. Bxg5 Qe8 17. Qxe8 Rxe8 18. Rae1 Bd7 19. c3 Kf7 20. g3 a5 21. Kg2 Re5 22. Bf4 Rxe1 23. Rxe1 Re8 24. Rxe8 Kxe8 25. Kf3 Kf7 26. Be3 Bxe3 27. Kxe3 Kf6 28.
f4 g5 29. fxg5+ Kxg5 30. Be2 Ba4 31. h4+ Kf6 32. b3 Be8 33. Kf4 Bf7 34. c4 Be8 35.
Bd3 Bd7 36. h5 a4 37. bxa4 b6 38. h6 Kg6 39. h7 Kg7 40. Bxf5 Bxa4 41. Bd3 Bd1 42.
g4 Ba4 43. g5 Bd7 44. g6 Be8 45. Kg5 Bd7 46. h8=Q+ Kxh8 47. Kf6 Kg8 48. Ke7 Bg4 49. Kd8 c5 50. dxc6 d5 51. cxd5 Kf8 52. d6 1-0

[Event "Early-Titled-Tuesday-Blitz-January-30-2024"]
[Site "Chess.com"]
[Date "2024.01.30"]
[Round "5"]
[White "LuisFSiles"]
[Black "Happy1712Drummer"]
[Result "1-0"]
[WhiteElo "2243"]
[BlackElo "2414"]
[TimeControl "180+1"]
[EndTime "8:58:23 PST"]
[Termination "LuisFSiles won on time"]

1. e4 c5 2. Nf3 e6 3. c3 Nf6 4. e5 Nd5 5. Bc4 Nc6 6. O-O Nb6 7. Bb3 d6 8. exd6 Bxd6 9. d4 O-O 10. Bc2 g6 11. Bh6 Re8 12. Nbd2 cxd4 13. cxd4 Nd5 14.
Ne4 Bf8 15. Bg5 Be7 16. h4 Kg7 17. Qd2 Bxg5 18. hxg5 Rh8 19. Bb3 h6 20. Nc3 Nxc3 21. Qxc3 Qa5 22. Qe3 hxg5 23. Nxg5 Rh5 24. Nf3 Bd7 25. g4 Rh3 26. Kg2 Rah8 27. Rh1 Rxh1 28. Rxh1 Rxh1 29. Kxh1 Ne7 30. Ne5 Bc6+ 31. Kh2 Bd5 32.
Kg3 Bxb3 33. axb3 Qd5 34. Qf4 f6 35. Nf3 g5 36. Qc1 Nc6 37. Qc5 Qxc5 38. dxc5 Kf7 39. Nd2 Ne5 40. b4 Ke7 41. Nc4 Nxc4 42. c6 Ne5 43. c7 Nd7 44. c8=Q Nb6 45. Qc7+ Nd7 46.
Qxb7 1-0

[Event "Early-Titled-Tuesday-Blitz-January-30-2024"]
[Site "Chess.com"]
[Date "2024.01.30"]
[Round "5"]
[White "stratacticos"]
[Black "DmitriiZakurdaev"]
[Result "0-1"]
[WhiteElo "2048"]
[BlackElo "2395"]
[TimeControl "180+1"]
[EndTime "8:58:24 PST"]
[Termination "DmitriiZakurdaev won by checkmate"]

1. b4 e5 2. Bb2 Nc6 3. b5 Nd4 4.
e3 Ne6 5. Bxe5 d6 6. Bb2 Nf6 7. c4 Be7 8. d4 a6 9. a4 axb5 10. axb5 Rxa1 11. Bxa1 O-O 12. Nf3 c6 13. bxc6 bxc6 14. Bd3 d5 15. O-O Bd6 16. c5 Bb8 17. g3 Ne4 18. Nbd2 f5 19. Re1 Qf6 20. Nf1 N6g5 21.
Bxe4 fxe4 22. Nxg5 Qxf2+ 23. Kh1 h6 24. Qe2 hxg5 25. Qxf2 Rxf2 26. Kg1 Ra2 27. Bc3 Bh3 28. Nd2 Bc7 29. Kf2 Rc2 30. Bb4 Kh7 31. Rb1 Kg6 32.
Ke1 Ra2 33. Bc3 Kh5 34. Rb7 Ba5 35. Bxa5 Rxa5 36. Rb6 Bd7 37. Nb3 Ra2 38. h4 gxh4 39. gxh4 Kxh4 40. Rb7 Bg4 41. Rxg7 Re2+ 42. Kf1 Rxe3 43.
Na5 Rf3+ 44. Ke1 Rf6 45. Rc7 e3 46. Rxc6 Rf4 47. Rc8 Rxd4 48. Rh8+ Kg3 49. Re8 Rd1# 0-1

[Event "Early-Titled-Tuesday-Blitz-January-30-2024"]
[Site "Chess.com"]
[Date "2024.01.30"]
[Round "5"]
[White "EdmundPlayer"]
[Black "ural58"]
[Result "1-0"]
[WhiteElo "2280"]
[BlackElo "2444"]
[TimeControl "180+1"]
[EndTime "8:58:25 PST"]
[Termination "EdmundPlayer won on time"]

1. Nc3 d5 2. e4 d4 3. Nce2 c5 4. Ng3 Qa5 5. Bc4 Nc6 6. Nf3 h5 7. O-O h4 8. Nf5 e6 9. N5xh4 g5 10. Nxg5 Rxh4 11. d3 Qc7 12. f4 Be7 13. g3 Rh8 14. f5 Ne5 15. Bb5+ Bd7 16. Bxd7+ Qxd7 17. fxe6 fxe6 18.
Bf4 Ng6 19. Qg4 O-O-O 20. Nf7 Nxf4 21. Rxf4 Nh6 22. Nxh6 Rxh6 23. Qg7 Rdh8 24. Rf7 Rxh2 25. Rxe7 Rh1+ 26. Kg2 R8h2+ 27. Kf3 Qxe7 28. Qxe7 Rxa1 29. Qxe6+ Kc7 30. Qe7+ Kc6 31. Qe8+ Kc7 32. Qe5+ Kc6 33. Qd5+ Kb6 34. Qd6+ Kb5 35. Qd7+ Ka5 36. Qd6 b6 37. e5 Rf1+ 38. Ke4 Re2+ 39. Kd5 Rfe1 40. e6 Ka6 41. Qd7 Re5+ 42. Kd6 R5e2 43. g4 Rxc2 44. e7 Rce2 45. g5 Re5 46. g6 Rg5 47. e8=Q Rxe8 48. Qxe8 1-0

[Event "Early-Titled-Tuesday-Blitz-January-30-2024"]
[Site "Chess.com"]
[Date "2024.01.30"]
[Round "5"]
[White "HelvertHernandez"]
[Black "LeoWin2012"]
[Result "1-0"]
[WhiteElo "1880"]
[BlackElo "2187"]
[TimeControl "180+1"]
[EndTime "8:58:25 PST"]
[Termination "HelvertHernandez won by checkmate"]

1. e4 c5 2. Nf3 d6 3. d4 cxd4 4. Nxd4 Nf6 5. Nc3 a6 6. Be3 e5 7.
Nb3 Be6 8. f3 Nbd7 9. Qd2 b5 10.
g4 Qc7 11. O-O-O Rc8 12. g5 Nh5 13. Kb1 Nb6 14. Nd5 Bxd5 15. exd5 Nc4 16. Bxc4 Qxc4 17.
Na5 Qa4 18. Nc6 Be7 19. h4 Bd8 20. b3 Qa3 21. Qc3 Ng3 22. Rhe1 f6 23. gxf6 gxf6 24. f4 Ne4 25. Qd3 f5 26. fxe5 dxe5 27. Bc1 Qc5 28. Rxe4 fxe4 29. Qxe4 Qd6 30. Nxe5 Be7 31. Nc6 Kd7 32. Bf4 Qc5 33. Qe6+ Ke8 34. Re1 Kf8 35. Qxe7+ Qxe7 36. Rxe7 Re8 37. d6 Rxe7 38. dxe7+ Ke8 39. Bg5 Rg8 40. Nd4 Rg6 41. Nf5 h6 42. Nxh6 Re6 43. Nf5 Re1+ 44. Kb2 Re6 45. Ng7+ Kd7 46. Nxe6 a5 47. Ng7 Kd6 48. e8=Q b4 49. Qe6+ Kc5 50. Be3+ Kb5 51. Qd5+ Ka6 52. Qc6# 1-0

[Event "Early-Titled-Tuesday-Blitz-January-30-2024"]
[Site "Chess.com"]
[Date "2024.01.30"]
[Round "5"]
[White "TokChess"]
[Black "salomez"]
[Result "1-0"]
[WhiteElo "2522"]
[BlackElo "2308"]
[TimeControl "180+1"]
[EndTime "8:58:27 PST"]
[Termination "TokChess won on time"]

1. e4 c5 2. Nf3 e6 3. d4 cxd4 4.
Nxd4 Nf6 5. Bd3 Nc6 6. Nf3 d5 7. Nbd2 Bc5 8. O-O Bd7 9. exd5 Nxd5 10. Ne4 Be7 11. Bg5 f6 12. Bd2 Qb6 13. a3 O-O 14. c4 Nc7 15. b4 Nd4 16. Nxd4 Qxd4 17.
Bc3 Qb6 18. c5 Qc6 19. Qe2 Nd5 20. Bd2 Rad8 21. Rac1 a6 22. Bc4 Kh8 23. Rfd1 Be8 24.
Nc3 Nxc3 25. Bxc3 Bf7 26. Rxd8 Rxd8 27. Re1 Qd7 28. h3 Kg8 29. Bxe6 Bxe6 30. Qxe6+ Qxe6 31. Rxe6 Kf7 32. Rb6 Rd3 33. Be1 Rxa3 34. Rxb7 Ra1 35. Kf1 Rc1 36. Ke2 Ke6 37. Rb6+ Kd5 38. Rxa6 Kc4 39.
Rb6 Rc2+ 40. Bd2 f5 41. g3 Bg5 42. f4 Bf6 43. Kd1 Kb3 44. Rd6 Ra2 45. c6 Ra1+ 46. Ke2 Ra7 47. Rd7 1-0

[Event "Early-Titled-Tuesday-Blitz-January-30-2024"]
[Site "Chess.com"]
[Date "2024.01.30"]
[Round "5"]
[White "K_A_S_T_O_R"]
[Black "BogdanDeac"]
[Result "0-1"]
[WhiteElo "2907"]
[BlackElo "3093"]
[TimeControl "180+1"]
[EndTime "8:58:28 PST"]
[Termination "BogdanDeac won on time"]

1. e4 e5 2. Nf3 Nc6 3. Bb5 a6 4. Ba4 Nf6 5. O-O Bc5 6. Bxc6 dxc6 7. d3 Qe7 8. Be3 Bg4 9. Bxc5 Qxc5 10. Nbd2 Nd7 11.
Nc4 Rd8 12. Ne3 Bh5 13. b4 Qe7 14. Nf5 Qf6 15. Qe2 g6 16. Ne3 Bxf3 17. Qxf3 Qxf3 18. gxf3 Ke7 19. Ng2 f5 20. exf5 gxf5 21. f4 exf4 22. Rfe1+ Kf7 23. Nxf4 Rhg8+ 24. Kf1 Rg4 25. Ne6 Re8 26.
Nxc7 Rxe1+ 27. Rxe1 Rxb4 28. Ne6 Rb2 29. Re2 Rxa2 30.
Nd8+ Kf8 31. Nxb7 a5 32. c4 Ra1+ 33. Kg2 a4 34. Nd6 Nf6 35. Re6 Ng8 36. Re8+ Kg7 37. Nxf5+ Kf7 38. Nd6+ Kg7 39. Ra8 a3 40. Nf5+ Kf7 41.
Nd4 Ra2 42. Nxc6 Nf6 43. Nb4 Rb2 44. Ra7+ Kg6 45. Nc6 a2 46. Nd4 Ng4 47. Ra6+ Kf7 48. Kf3 Nxf2 0-1

[Event "Early-Titled-Tuesday-Blitz-January-30-2024"]
[Site "Chess.com"]
[Date "2024.01.30"]
[Round "5"]
[White "VincentKeymer"]
[Black "SchmakAttack"]
[Result "1-0"]
[WhiteElo "3061"]
[BlackElo "2741"]
[TimeControl "180+1"]
[EndTime "8:58:28 PST"]
[Termination "VincentKeymer won on time"]

1. Nf3 Nf6 2. c4 g6 3. Nc3 Bg7 4. g3 O-O 5. Bg2 d6 6. d4 c5 7. d5 e6 8. O-O exd5 9. cxd5 Re8 10. Re1 a6 11. a4 Ne4 12. Nxe4 Rxe4 13. Qc2 Rb4 14.
Ra2 b5 15. e4 Nd7 16. Bf4 Qe7 17. axb5 Rxb5 18. e5 dxe5 19. d6 Qe6 20. Nxe5 Bb7 21. Bxb7 Rxb7 22. Qc4 Nxe5 23. Qxe6 Nf3+ 24. Kg2 fxe6 25.
Kxf3 Kf7 26. Re2 a5 27. Rc2 Bd4 28. Be3 Bxe3 29. fxe3 Rb5 30. Ke4 Ke8 31. Ra1 Kd7 32. Rd2 Rf8 33. Rc1 Rf5 34. g4 Rb4+ 35. Kd3 Re5 36.
h3 Kxd6 37. Ke2+ Rd5 38. Rdc2 Rb3 39. Rf1 Re5 40. Rf3 Kc6 41. Kf2 Kb5 42. h4 Re4 43.
Rf7 Rxg4 44. Rxh7 Rc4 45. Rb7+ Kc6 46. Rxc4 Rxb7 47. Rg4 Rxb2+ 48. Kg3 1-0

[Event "Early-Titled-Tuesday-Blitz-January-30-2024"]
[Site "Chess.com"]
[Date "2024.01.30"]
[Round "5"]
[White "Heinza9"]
[Black "tarno17"]
[Result "0-1"]
[WhiteElo "2298"]
[BlackElo "2066"]
[TimeControl "180+1"]
[EndTime "8:58:28 PST"]
[Termination "tarno17 won by checkmate"]

1. e4 c5 2. Nf3 e6 3. b3 d5 4. exd5 Qxd5 5. Nc3 Qd6 6. Bb2 a6 7.
Be2 Nf6 8. O-O Be7 9. h3 O-O 10.
d4 Nbd7 11. dxc5 Nxc5 12. Qxd6 Bxd6 13. Rad1 Be7 14. Ba3 b6 15. Ne5 Bb7 16. b4 Nce4 17.
Nxe4 Bxe4 18. c4 a5 19. Bb2 axb4 20. f3 Rxa2 21. Rd2 Bg6 22. Nxg6 hxg6 23. Bd1 Rd8 24. Rxd8+ Bxd8 25. Bd4 Rd2 26. Be3 Rd3 27. Kf2 Rc3 28. Be2 b3 29. Rd1 Be7 30. Bxb6 Rc2 31. Rb1 b2 32. Bd4 Ba3 33. Ke3 Rc1 34. Bd3 Nd7 35.
c5 Nb8 36. Kd2 Nc6 37. Bc3 Kf8 38. Be4 Na5 39. Bxb2 Rxb1 40. Bxa3 Rb8 41. c6+ Ke8 42. Kc3 Rc8 43. Bb4 Nxc6 44. Bc5 Ne5 45. Kd4 Nd7 46. Bd6 Rd8 47. f4 Nf6 48. Ke5 Nxe4 49. Bc7 Rd7 50.
Bb6 Nc3 51. g4 Rd5# 0-1

[Event "Early-Titled-Tuesday-Blitz-January-30-2024"]
[Site "Chess.com"]
[Date "2024.01.30"]
[Round "5"]
[White "Pelopidass"]
[Black "vasblesk"]
[Result "1-0"]
[WhiteElo "2573"]
[BlackElo "2755"]
[TimeControl "180+1"]
[EndTime "8:58:29 PST"]
[Termination "Pelopidass won by checkmate"]

1. d4 d5 2. c4 c6 3. Nf3 Nf6 4. e3 e6 5. Nbd2 Nbd7 6. Bd3 Bd6 7. O-O O-O 8. e4 e5 9. cxd5 cxd5 10. exd5 exd4 11.
Nc4 Nc5 12. Bc2 Bg4 13. Qxd4 Bxf3 14. gxf3 h6 15. Be3 Rc8 16. Rad1 b5 17. Nxd6 Qxd6 18. Qh4 Nxd5 19. Bf5 Rcd8 20. Kh1 Qc6 21. Bd4 Ne6 22. Bxe6 Qxe6 23. Rfe1 Qf5 24. Qe4 Qxe4 25. fxe4 Nb6 26. Bxb6 axb6 27. Rxd8 Rxd8 28. Re2 Kf8 29. Kg2 Ke7 30.
f4 b4 31. Kf3 Ke6 32. Ke3 Rd1 33. Rd2 Re1+ 34. Kd4 Ra1 35. b3 Rc1 36. f5+ Kf6 37.
Kd5 Rc5+ 38. Kd4 h5 39. Rf2 Ke7 40. e5 f6 41. e6 h4 42. Ke4 Kf8 43. Rd2 Re5+ 44.
Kf4 g5+ 45. fxg6 Rxe6 46. Kf5 Rc6 47. Rd7 Kg8 48. Rb7 Rc2 49. Kxf6 Rxa2 50. Rb8# 1-0

[Event "Early-Titled-Tuesday-Blitz-January-30-2024"]
[Site "Chess.com"]
[Date "2024.01.30"]
[Round "5"]
[White "cthulhuuu"]
[Black "Sjakkerntobi"]
[Result "0-1"]
[WhiteElo "2348"]
[BlackElo "2516"]
[TimeControl "180+1"]
[EndTime "8:58:29 PST"]
[Termination "Sjakkerntobi won by resignation"]

1. e4 e6 2. d3 d5 3. Nd2 c5 4. Ngf3 Nc6 5. g3 Nf6 6. Bg2 Be7 7. O-O O-O 8. e5 Nd7 9. Re1 b5 10. h4 Bb7 11. Nf1 Qc7 12. Bf4 Rfc8 13. Ne3 Qd8 14. h5 h6 15. Ng4 Bf8 16. c3 a5 17. Qd2 b4 18. Ngh2 a4 19. a3 bxc3 20. bxc3 Na5 21. Rab1 Nb3 22. Qe3 d4 23. cxd4 cxd4 24.
Nxd4 Bxg2 25. Nxb3 Bd5 26. Nd2 Bxa3 27. Ne4 Be7 28. Ng4 Bxe4 29. Qxe4 Bg5 30. d4 Bxf4 31. Qxf4 a3 32. Ra1 Nb6 33. Reb1 Nd5 34. Qf3 Rc3 35. Ne3 Rb8 36. Re1 Rbb3 37. Qe4 Rb4 38. Nxd5 Qxd5 39.
Qxd5 exd5 40. Red1 Kf8 41. Rd2 Ke7 42. Kg2 Ke6 43.
f4 Kf5 44. Rda2 Rb2+ 45. Rxb2 axb2 46. Rb1 Rb3 47. Kf2 Ke4 48. Ke2 Kxd4 49. Kd2 Rxg3 50.
Rxb2 Rg2+ 51. Kc1 Rxb2 52. Kxb2 Ke4 53. e6 fxe6 54. f5 exf5 0-1